Match 46934686
Unlisted

Match 46934686
End
Vickers Machine Gun Team
Construct Section Command Post
Dingo Light Scout Car
Selects Air and Sea Battlegroup
Selects Air and Sea Battlegroup
Infantry Section
Infantry Section
Grenade Package
Construct Platoon Command Post
Selects Supply Surplus
Selects Supply Surplus
Unlock M3 Stuart Light Tanks
M3 Stuart Light Tank
M3 Stuart Light Tank
Selects Commando Section Paradrop
Selects Commando Support Section Paradrop
Commando Support Section Paradrop
Unlock Bishop Self-propelled Artillery
Construct Company Command Post
6-pounder Anti-tank Gun Team
Crusader II Medium Tank
Bishop Self-propelled Artillery
Unlock Towed 17-pounder Anti-tank Guns
17-pounder Anti-tank Gun Team
Commando Section Paradrop
Selects Anti-tank Rocket Loiter
Anti-tank Rocket Loiter
17-pounder Anti-tank Gun Team
Selects UNKNOWN (223837)
Light Vehicle Training
Infantry Training
Anti-tank Rocket Loiter
Royal Engineer Section
Unlock M3 Grant Medium Tanks
Commando Section Paradrop
Anti-tank Rocket Loiter
M3 Grant Medium Tank
BazookaJoe
Urge to Merge
Give ma Life 4 Pakistannn
新年辞旧喜洋洋
WilllTHENOOBz
我小叮当今晚要搞事!
Zerg
FLOKL
0
0

Comments sign in to comment!

No comments posted yet!